 Dungeon Crawl Stone Soup version 0.22.1-1-ga44c0e5 (webtiles) character file.

2040 JeffiDaFish the Protected (level 9, -4/59 HPs)
             Began as a Gargoyle Fighter on Sept 27, 2018.
             Was a Follower of Okawaru.
             Slain by Grum
             ... wielding a +0 halberd
              (12 damage)
             ... on level 8 of the Dungeon.
             The game lasted 00:13:12 (6633 turns).

JeffiDaFish the Protected (Gargoyle Fighter)        Turns: 6633, Time: 00:13:13

Health: -4/59      AC: 23    Str: 23    XL:     9   Next: 24%
Magic:  9/9        EV:  8    Int: 12    God:    Okawaru [*.....]
Gold:   25         SH:  0    Dex: 11    Spells: 8/8 levels left

rFire    . . .     SeeInvis .   x - +2 great mace "Blob" {venom, Int+3} (curse)
rCold    . . .     Gourm    .   (shield currently unavailable)
rNeg     + . .     Faith    .   g - +0 chain mail
rPois    ∞         Spirit   .   o - +0 helmet
rElec    +         Reflect  .   (no cloak)
rCorr    +         Harm     .   y - +0 pair of gloves
MR       .....                  b - +0 pair of boots
Stlth    ..........             j - amulet of rage
HPRegen  0.19/turn              v - ring of resist corrosion
MPRegen  0.11/turn              d - +2 ring of protection

@: no status effects
A: agile 1, negative energy resistance 1, sense surroundings 1, electricity
resistance, unbreathing, petrification resistance, rot immunity, MP-powered
wands, AC +6
a: Heroism, Renounce Religion, Evoke Berserk Rage


You were on level 8 of the Dungeon.
You worshipped Okawaru.
Okawaru was aware of your devotion.
You were not hungry.

You visited 1 branch of the dungeon, and saw 8 of its levels.

You collected 393 gold pieces.
You spent 368 gold pieces at shops.

Inventory:

Hand Weapons
 a - a +1 flail
 x - the cursed +2 great mace "Blob" (weapon) {venom, Int+3}
   (You bought it in a shop on level 7 of the Dungeon)

   It poisons the flesh of those it strikes.
   It affects your intelligence (+3).
   It has a curse placed upon it.
Armour
 b - a +0 pair of boots (worn)
 c - a +0 shield
 g - a +0 chain mail (worn)
 o - a +0 helmet (worn)
 y - a +0 pair of gloves (worn)
Jewellery
 d - a +2 ring of protection (right hand)
 h - an uncursed ring of ice
 j - an amulet of rage (around neck)
 v - a ring of resist corrosion (left hand)
Wands
 p - a wand of clouds (3)
 q - a wand of flame (11)
 r - a wand of acid (7)
 u - a wand of iceblast (8)
Scrolls
 e - 3 scrolls of remove curse
 i - 3 scrolls of teleportation
 k - 7 scrolls of identify
 l - a scroll of enchant weapon
 n - 3 scrolls of fear
 w - 2 scrolls of fog
Potions
 m - 2 potions of brilliance
 s - a potion of resistance
 t - a potion of mutation
 z - a potion of ambrosia
Comestibles
 f - 15 rations


   Skills:
 + Level 7.9 Fighting
 * Level 5.8 Maces & Flails
 * Level 8.1 Armour
 - Level 0.5 Dodging
 - Level 5.9 Shields


You had 8 spell levels left.
You didn't know any spells.
Your spell library contained the following spells:

 Spells                   Type           Power        Failure   Level  Hunger
 Sting                    Conj/Pois      #...         90%         1    ##.....
 Poisonous Vapours        Pois/Air       #.....       97%         2    ###....
 Mephitic Cloud           Conj/Pois/Air  #.......     99%         3    ####...
 Olgreb's Toxic Radiance  Pois           #.......     100%        4    #####..
 Venom Bolt               Conj/Pois      #.........   100%        5    ######.


Dungeon Overview and Level Annotations

Branches:
Dungeon (8/15)             Temple (0/1) D:7
   Lair: D:8-11

Altars:
Dithmenos
Elyvilon
Fedhas
Gozag
Hepliaklqana
Makhleb
Okawaru
Trog
Wu Jian
Xom

Shops:
D:4 *   D:7 (

Annotations:
D:4 3 runed doors, broliato's ghost, novice MiFi
D:8 Grum


Innate Abilities, Weirdness & Mutations

You are resistant to torment.
Your stone body is resilient. (AC +6)
You are immune to poison.
You resist negative energy. (rN+)
You are resistant to electric shocks. (rElec)
You can survive without breathing.
You are immune to petrification.
You are immune to rotting.
You are agile. (Dex +2)
You passively map a small area around you.
You expend magic power (3 MP) to strengthen your wands.


Message History

The wolf is almost dead.
You kill the wolf!
Okawaru accepts your kill. The wolf bites you.
The iguana bites you but does no damage.
The wolf bites you but does no damage. Grum hits you from afar with a halberd.
The iguana bites you but does no damage.
The wolf bites you but does no damage.
You hit the wolf.
The wolf is poisoned.
The wolf is lightly wounded.
The wolf bites you but does no damage. Grum hits you but does no damage.
The iguana closely misses you. The wolf bites you but does no damage.
You miss the wolf.
The wolf is moderately wounded.
The wolf bites you but does no damage. Grum hits you from afar with a halberd!
* * * LOW HITPOINT WARNING * * *
The iguana closely misses you. The wolf bites you!
* * * LOW HITPOINT WARNING * * *
Grum hits you from afar with a halberd!
You die...

* * , * * *
############### #..
........... ,* #.#
#######.... *
####.###.......##. *
!#.####........####.###.
......l.................
*
.....gh@...##..##.....#.
,.#.####.########.<(.....
#.# #........).## , , ..#
#.#####...### #### #..##
# * , * * #..# # * * *,
#..#, . * , * * ,*
#..#,*# , , #..# *


You could see Grum, a wolf and an iguana.

Vanquished Creatures
  Joseph (D:8)
  A troll (D:7)
  Grinder (D:3)
  3 phantoms
  A wolf (D:8)
  An ogre (D:4)
  A centaur (D:7)
  2 big kobolds (D:7)
  2 bullfrogs
  3 scorpions
  2 crimson imps
  Ijyb (D:3)
  An iguana (D:7)
  2 orc wizards (D:6)
  3 worker ants
  A hound skeleton (D:5)
  Robin (D:2)
  4 adders
  A shadow imp (D:7)
  2 oozes (D:3)
  An adder skeleton (D:4)
  3 dart slugs
  5 leopard geckos
  7 orcs
  3 giant cockroaches
  8 goblins
  6 hobgoblins
  22 jackals
  A quokka (D:3)
  3 ball pythons
  6 frilled lizards
  A jackal skeleton (D:4)
  12 kobolds
  A leopard gecko skeleton (D:4)
  2 leopard gecko zombies
  2 rats (D:1)
117 creatures vanquished.

Notes
Turn   | Place    | Note
-------+----------+-------------------------------------------
     0 | D:1      | JeffiDaFish the Gargoyle Fighter began the quest for the
                  | Orb.
     0 | D:1      | Reached XP level 1. HP: 14/14 MP: 1/1
   319 | D:1      | Reached XP level 2. HP: 18/19 MP: 2/2
   645 | D:2      | Noticed a phantom
   721 | D:2      | Killed a phantom
   721 | D:2      | Reached XP level 3. HP: 3/24 MP: 3/3
   721 | D:2      | Reached XP level 4. HP: 4/29 MP: 4/4
   727 | D:2      | Reached skill level 4 in Armour
  1048 | D:2      | Found a shadowy altar of Dithmenos.
  1050 | D:2      | Reached XP level 5. HP: 32/33 MP: 5/5
  1229 | D:2      | Found a hazy altar of Hepliaklqana.
  1523 | D:3      | Noticed Robin
  1734 | D:2      | Killed Robin
  1883 | D:3      | Noticed Ijyb
  1914 | D:3      | Killed Ijyb
  2039 | D:3      | Noticed Grinder
  2054 | D:3      | Paralysed by Grinder for 5 turns
  2082 | D:3      | Paralysed by something for 5 turns
  2091 | D:3      | Paralysed by something for 7 turns
  2108 | D:3      | Paralysed by Grinder for 3 turns
  2382 | D:3      | Paralysed by Grinder for 4 turns
  2388 | D:3      | Killed Grinder
  2388 | D:3      | Reached skill level 5 in Fighting
  2388 | D:3      | Reached skill level 5 in Armour
  2388 | D:3      | Reached XP level 6. HP: 14/40 MP: 6/6
  2992 | D:4      | Found a shimmering altar of Xom.
  3099 | D:4      | Reached XP level 7. HP: 44/44 MP: 7/7
  3111 | D:4      | Found a runed gate.
  3111 | D:4      | Found an opulent altar of Gozag.
  3113 | D:4      | Found a runed gate.
  3113 | D:4      | Found a runed gate.
  3113 | D:4      | Noticed broliato's ghost (novice MiFi)
  3152 | D:4      | Gained mutation: You are agile. (Dex +2) [potion of
                  | mutation]
  3152 | D:4      | Gained mutation: You passively map a small area around you.
                  | [potion of mutation]
  3152 | D:4      | Gained mutation: You expend magic power (3 MP) to
                  | strengthen your wands. [potion of mutation]
  3402 | D:4      | Found Desibb's General Store.
  3689 | D:5      | Entered Level 5 of the Dungeon
  3873 | D:5      | Found a bloodstained altar of Trog.
  4057 | D:5      | Reached skill level 5 in Shields
  4104 | D:5      | Found an ornate altar of the Wu Jian Council.
  4501 | D:6      | Reached skill level 6 in Armour
  4555 | D:6      | Reached XP level 8. HP: 9/52 MP: 8/8
  5091 | D:6      | Found an iron altar of Okawaru.
  5190 | D:6      | Became a worshipper of Warmaster Okawaru
  5308 | D:6      | Found a burning altar of Makhleb.
  5901 | D:7      | Found a staircase to the Ecumenical Temple.
  5996 | D:7      | Noticed a troll
  6013 | D:7      | Killed a troll
  6013 | D:7      | Reached skill level 7 in Armour
  6173 | D:7      | Reached * piety under Okawaru
  6256 | D:7      | Found Zoweab's Antique Weapon Shop.
  6264 | D:7      | Bought an encrusted great mace for 368 gold pieces
  6280 | D:7      | Identified the cursed +2 great mace "Blob" {venom, Int+3}
                  | (You bought it in a shop on level 7 of the Dungeon)
  6402 | D:7      | Found an opulent altar of Gozag.
  6402 | D:7      | Found a white marble altar of Elyvilon.
  6405 | D:7      | Reached skill level 5 in Maces & Flails
  6523 | D:7      | Found a blossoming altar of Fedhas.
  6526 | D:7      | Reached XP level 9. HP: 57/57 MP: 9/9
  6580 | D:8      | Noticed Joseph
  6590 | D:8      | Killed Joseph
  6590 | D:8      | Reached skill level 8 in Armour
  6625 | D:8      | Noticed Grum
  6633 | D:8      | Slain by Grum

Skill      XL: |  1  2  3  4  5  6  7  8  9 |
---------------+----------------------------+-----
Fighting       | 4 5 6 7 |  7.9
Shields        | 4 5 |  5.9
Armour         | 4 5 6 7 8 |  8.1
Maces & Flails | 3 4 5 |  5.8
Dodging        | |  0.5

Action                   |  1- 3 |  4- 6 |  7- 9 || total
-------------------------+-------+-------+-------++-------
Melee: Flail             |    72 |   187 |   271 ||   530
       Great mace        |       |       |    43 ||    43
Evoke: Wand              |       |     1 |     4 ||     5
  Use: Scroll            |     4 |     6 |     3 ||    13
       Potion            |     3 |     4 |     1 ||     8
  Eat: Chunk             |       |     7 |    10 ||    17
       Ration            |       |       |     1 ||     1
Armor: Scale mail        |     3 |       |       ||     3
       Chain mail        |    37 |   141 |   234 ||   412
Dodge: Dodged            |    27 |    45 |    96 ||   168
Block: Shield            |    35 |   114 |   164 ||   313
